 Dungeon Crawl Stone Soup version 0.18.1-8-gdd0e5ea (webtiles) character file.

4966 Wooh the Nimble (level 10, -6/106 (107) HPs)
             Began as an Ogre Berserker on May 28, 2016.
             Was a High Priest of Trog.
             Mangled by Psyche
             ... wielding a +0 dagger of distortion
              (16 damage)
             ... on level 9 of the Dungeon.
             The game lasted 00:31:28 (9222 turns).

Wooh the Nimble (Ogre Berserker)                    Turns: 9222, Time: 00:31:30

HP:   -6/106 (107)  AC:  5    Str: 28    XL:     10   Next: 53%
MP:   10/10         EV: 16    Int:  6    God:    Trog [*****.]
Gold: 547           SH:  0    Dex: 14    Spells: 0 memorised, 9 levels left

rFire  + + .     SeeInvis .     v - +0 flail (crush)
rCold  x . .     Gourm    .     i - +2 robe {rF+}
rNeg   . . .     Faith    .     (no shield)
rPois  .         Spirit   .     (helmet restricted)
rElec  .         Dismiss  .     (no cloak)
rCorr  .         Reflect  .     (gloves unavailable)
SustAt .         Harm     .     (boots unavailable)
MR     +++..                    (no amulet)
Stlth  +.........               (no ring)
                                I - ring "Teifaetz" {Fire Str+4 Dex+2}

@: exhausted, regenerating, slowed, very slow, extremely resistant to hostile
enchantments, very unstealthy
A: unfitting armour, tough skin 1
a: Berserk, Trog's Hand, Brothers in Arms, Burn Spellbooks, Renounce Religion


You were on level 9 of the Dungeon.
You worshipped Trog.
Trog was extremely pleased with you.
You were very hungry.

You visited 1 branch of the dungeon, and saw 9 of its levels.

You collected 547 gold pieces.

Inventory:

Hand Weapons
 v - a +0 flail of crushing (weapon)
 E - a +1 flail of protection
Missiles
 y - 3 large rocks (quivered)
Armour
 i - a +2 robe of fire resistance (worn)
Jewellery
 G - a +2 ring of intelligence {unknown}
 I - the ring "Teifaetz" (left hand) {Fire Str+4 Dex+2}
   (You found it on level 8 of the Dungeon)

   [ring of fire]

   It enhances your fire magic, and weakens your ice magic.
   It affects your strength (+4).
   It affects your dexterity (+2).
   It protects you from fire.
   It makes you vulnerable to cold.
Scrolls
 g - a scroll of amnesia {unknown}
 k - 2 scrolls of blinking
 l - 5 scrolls of remove curse
 n - 2 scrolls of fog
 p - 2 scrolls of enchant weapon {unknown}
 q - 6 scrolls of teleportation
 A - a scroll of magic mapping {unknown}
 C - a scroll of recharging {unknown}
 D - a scroll of immolation {unknown}
 F - 3 scrolls of identify
 K - a scroll of enchant armour {unknown}
Potions
 a - a potion of ambrosia
 b - 3 potions of curing
 d - 2 potions of cure mutation
 e - a potion of haste {unknown}
 h - 2 potions of mutation {unknown}
 j - 2 potions of flight {unknown}
 m - 7 potions of lignification
 o - 2 potions of heal wounds
 w - 2 potions of cancellation
 x - a potion of berserk rage {unknown}
 B - a potion of invisibility {unknown}
Books
 H - a book of Envenomations

   Spells                             Type                      Level
   a - Spider Form                    Transmutation/Poison         3
   b - Olgreb's Toxic Radiance        Poison                       4
   c - Alistair's Intoxication        Transmutation/Poison         5
   d - Poisonous Cloud                Conjuration/Poison/Air       6
   Trog disapproves of the use of such an item.
Miscellaneous
 u - a plain deck of escape
Comestibles
 c - 5 bread rations
 f - 3 meat rations
 r - a slice of pizza
 t - 2 royal jellies
 J - 3 chunks of flesh
 L - 15 fruits


   Skills:
 + Level 9.1 Fighting
 - Level 10.1 Maces & Flails
 - Level 11.2 Dodging


You had 9 spell levels left.
You didn't know any spells.

Dungeon Overview and Level Annotations

Branches:
Dungeon (9/15)             Temple (0/1) D:4
   Lair: D:8-11         Orc: D:9-12

Altars:
Ashenzari
Cheibriados
Fedhas
Kikubaaqudgha
Makhleb
Nemelex Xobeh
Pakellas
Sif Muna
Trog
Xom
Yredelemnul

Shops:
D:4 *

Annotations:
D:4 ?
D:9 Psyche


Innate Abilities, Weirdness & Mutations

You are too large for most types of armour.
You have tough skin (AC +1).


Message History

a club; a leather armour; an orc corpse Psyche casts a spell.
Psyche seems to speed up.
Psyche miscasts a cantrip.
The orc wizard barely misses you.
Drop what? 37/52 slots (_ for help) (? for menu, Esc to quit)
You drop a book of Spatial Translocations.
The orc warrior hits you from afar with a halberd!
* * * LOW HITPOINT WARNING * * *
The orc wizard hits you with a dagger.
* * * LOW HITPOINT WARNING * * *
Psyche barely misses you. Psyche hits you but does no damage.
The orc wizard casts a spell at you. The magic dart hits you!
* * * LOW HITPOINT WARNING * * *
Psyche hits you with a dagger of distortion.
* * * LOW HITPOINT WARNING * * *
Space warps horribly around you!
You die...

##........#####
##......!...#..##
##...............##
#..............#..##
#..................##
#..........)........#####
##....(.)..o............#
###......@o............#
####....@............#
###...............##
##♣♣♣♣♣♣♣......).#
♣♣.......# ♣♣......#
♣......# ♣♣......# #
♣♣.......##.
♣♣........#..


You could see Psyche, an orc warrior and an orc wizard.

Vanquished Creatures
  The ghost of ThereIsNoGod the Quickloader, a novice CeHu (D:4)
  A two-headed ogre (D:8)
  Prince Ribbit (D:5)
  Grinder (D:5)
  4 porcupines (D:8)
  A wasp (D:7)
  An ice beast (D:5)
  A phantom (D:7)
  4 orc warriors
  2 sky beasts
  A necrophage (D:7)
  3 ogres
  6 centaurs
  5 giant frogs
  2 scorpions
  8 wights (D:7)
  4 howler monkeys
  3 crimson imps
  3 giant frog skeletons
  2 hounds
  6 orc priests
  3 jellies
  4 orc wizards
  An iguana (D:7)
  6 worker ants
  A hound zombie (D:6)
  A worker ant zombie (D:5)
  A gnoll (D:6)
  13 adders
  3 shadow imps
  An ooze (D:2)
  2 adder zombies
  3 worms
  4 dart slugs
  4 giant geckos
  29 orcs
  5 giant cockroaches
  5 goblins
  9 hobgoblins
  19 jackals
  9 kobolds
  7 quokkas
  7 bats
  2 giant newts
  A jackal skeleton (D:5)
  12 rats
212 creatures vanquished.

Notes
Turn   | Place    | Note
--------------------------------------------------------------
     0 | D:1      | Wooh the Ogre Berserker began the quest for the Orb.
     0 | D:1      | Reached XP level 1. HP: 24/24 MP: 1/1
   246 | D:1      | Reached XP level 2. HP: 31/32 MP: 2/2
   491 | D:1      | Found a shimmering altar of Xom.
   582 | D:1      | Reached skill level 5 in Fighting
   582 | D:1      | Reached XP level 3. HP: 42/42 MP: 3/3
   702 | D:1      | Reached ** piety under Trog
  1203 | D:2      | Reached XP level 4. HP: 43/52 MP: 4/4
  1765 | D:2      | Reached *** piety under Trog
  1815 | D:2      | Noticed an ogre
  1822 | D:2      | Killed an ogre
  1822 | D:2      | Reached skill level 5 in Maces & Flails
  1822 | D:2      | Reached XP level 5. HP: 61/61 MP: 5/5
  2143 | D:3      | Reached XP level 6. HP: 8/68 MP: 6/6
  2492 | D:3      | Found a sparkling altar of Nemelex Xobeh.
  3561 | D:3      | Found a snail-covered altar of Cheibriados.
  3610 | D:4      | Found Cuecungi's General Store.
  3905 | D:4      | Found a staircase to the Ecumenical Temple.
  3952 | D:4      | Found a deep blue altar of Sif Muna.
  4168 | D:4      | Noticed ThereIsNoGod's ghost (novice CeHu)
  4180 | D:4      | Killed ThereIsNoGod's ghost
  4180 | D:4      | Reached skill level 10 in Maces & Flails
  4180 | D:4      | Reached XP level 7. HP: 76/76 MP: 7/7
  4215 | D:5      | Entered Level 5 of the Dungeon
  4217 | D:5      | Noticed Grinder
  4361 | D:5      | Killed Grinder
  4361 | D:5      | Reached skill level 4 in Dodging
  4361 | D:5      | Reached XP level 8. HP: 84/84 MP: 8/8
  4367 | D:5      | Found a burning altar of Makhleb.
  4597 | D:5      | Noticed Prince Ribbit
  4613 | D:5      | Reached skill level 5 in Dodging
  4998 | D:5      | Found a bloodstained altar of Trog.
  5005 | D:5      | Reached **** piety under Trog
  5123 | D:5      | Killed Prince Ribbit
  5123 | D:5      | Received a gift from Trog
  5123 | D:5      | Reached skill level 6 in Dodging
  5399 | D:5      | Reached skill level 7 in Dodging
  5760 | D:6      | Reached XP level 9. HP: 92/92 MP: 9/9
  5795 | D:6      | Found an ancient bone altar of Kikubaaqudgha.
  5819 | D:6      | Found a basalt altar of Yredelemnul.
  5819 | D:6      | Found a shattered altar of Ashenzari.
  5895 | D:6      | Reached skill level 8 in Dodging
  6611 | D:6      | Reached skill level 9 in Dodging
  6983 | D:7      | Reached skill level 10 in Dodging
  6995 | D:7      | Found a shimmering altar of Xom.
  7072 | D:7      | Found a sparkling altar of Nemelex Xobeh.
  7212 | D:7      | Paralysed by a wasp for 2 turns
  7224 | D:7      | Paralysed by a wasp for 3 turns
  7225 | D:7      | Reached XP level 10. HP: 26/99 MP: 10/10
  7775 | D:8      | Reached skill level 11 in Dodging
  8058 | D:8      | Got an ancient amber ring
  8059 | D:8      | Identified the ring "Teifaetz" {Fire Str+4 Dex+2} (You found it on level 8 of the Dungeon)
  8673 | D:8      | Found an oddly glowing altar of Pakellas.
  8857 | D:8      | Found a blossoming altar of Fedhas.
  9061 | D:9      | Reached ***** piety under Trog
  9199 | D:9      | Noticed Psyche
  9222 | D:9      | Mangled by Psyche

Skill      XL: |  1  2  3  4  5  6  7  8  9 10 |
---------------+-------------------------------+-----
Fighting       | 5 6 9 |  9.1
Maces & Flails | 5 6 10 | 10.1
Dodging        | 4 7 10 11 | 11.2

Action                   |  1- 3 |  4- 6 |  7- 9 | 10-12 || total
-------------------------+-------+-------+-------+-------++-------
Melee: Mace              |   114 |   166 |       |       ||   280
       Flail             |       |    36 |   257 |   136 ||   429
Throw: Large rock        |       |       |     2 |     2 ||     4
Invok: Berserk           |     4 |     6 |     9 |     3 ||    22
       Trog's Hand       |       |     1 |     5 |     3 ||     9
       Burn Spellbooks   |       |     1 |     1 |     1 ||     3
  Use: Scroll            |       |       |    10 |     1 ||    11
 Stab: Sleeping          |       |       |     1 |     1 ||     2
  Eat: Chunk             |     4 |    14 |    13 |     7 ||    38
       Beef jerky        |       |     1 |       |       ||     1
       Meat ration       |       |       |     2 |       ||     2
Armor: Animal skin       |    39 |    11 |       |       ||    50
       Robe              |       |    24 |    33 |    32 ||    89
Dodge: Dodged            |    66 |   113 |   157 |    86 ||   422
